 Dungeon Crawl Stone Soup version 0.30-a0-1103-g25895a7845 (webtiles) character file.

Game seed: 6473776320916232766

152 mandoloar the Sneak (level 5, -2/33 HPs)
             Began as an Octopode Earth Elementalist on Apr 18, 2023.
             Killed by divine providence
             ... invoked by an orc priest
              (14 damage)
             ... on level 3 of the Dungeon.
             The game lasted 00:08:07 (3426 turns).

mandoloar the Sneak (Octopode Earth Elementalist)   Turns: 3426, Time: 00:08:07

Health: -2/33      AC:  1    Str:  8    XL:     5   Next: 34%
Magic:  6/8        EV: 13    Int: 19    God:
Gold:   160        SH:  0    Dex: 12    Spells: 3/9 levels left

rFire   . . .      SeeInvis .      - Unarmed
rCold   . . .      Faith    .    (no shield)
rNeg    . . .      Spirit   .    (helmet restricted)
rPois   .          Reflect  .    (no amulet)
rElec   .          Rampage  .    (no ring)
rCorr   .                        (no ring)
Will    .....                    (no ring)
Stlth   +++                      (no ring)
HPRegen 0.25/turn                (no ring)
MPRegen 0.11/turn                (no ring)
                                 (no ring)
                                 (no ring)

@: no status effects
A: almost no armour, amphibious, 8 rings, camouflage 1, gelatinous body 1,
(nimble swimmer 1), tentacles
a: no special abilities


You were on level 3 of the Dungeon.
You visited 1 branch of the dungeon, and saw 3 of its levels.

You collected 160 gold pieces.

Inventory:

Missiles
 f - 5 boomerangs
 j - 7 poisoned darts
Wands
 o - a wand of flame (15)
Scrolls
 b - a scroll of butterflies {unknown}
 e - 3 scrolls of identify
 g - 2 scrolls of teleportation
 l - a scroll of magic mapping {unknown}
 n - a scroll of acquirement {unknown}
Potions
 a - 3 potions of magic
 c - a potion of might {unknown}
 d - a potion of degeneration {unknown}
 h - 3 potions of curing
 i - a potion of attraction
 k - a potion of heal wounds {unknown}
 m - a potion of resistance {unknown}


   Skills:
 + Level 1.3 Fighting
 + Level 2.8 Dodging
 + Level 4.0 Stealth
 + Level 1.5 Unarmed Combat
 + Level 2.5 Spellcasting
 + Level 1.9 Transmutations
 + Level 3.5 Earth Magic


You had 3 spell levels left.
You knew the following spells:

 Your Spells              Type           Power      Damage    Failure   Level
a - Sandblast             Erth           30%        2d9       3%          1
b - Stone Arrow           Conj/Erth      18%        3d8       24%         3
c - Passwall              Tmut/Erth      10%        N/A       8%          2

Your spell library contained the following spells:

 Spells                   Type           Power      Damage    Failure   Level
 Apportation              Tloc           4%         N/A       16%         1
 Lesser Beckoning         Tloc           4%         N/A       24%         2
 Gell's Gravitas          Tloc           2%         N/A       43%         3
 Teleport Other           Tloc           2%         N/A       43%         3
 Petrify                  Tmut/Erth      12%        N/A       45%         4
 Alistair's Intoxication  Tmut/Pois      4%         N/A       97%         5


Dungeon Overview and Level Annotations

Branches:
Dungeon (3/15)

Altars:

Annotations:
D:3 Jessica


Innate Abilities, Weirdness & Mutations

You cannot wear most types of armour.
You are amphibious.
You can wear up to eight rings at the same time.
Your skin changes colour to match your surroundings (Stealth+).
Your rubbery body absorbs attacks. (AC +1, EV +1)
((You are camouflaged when in or above water. (Stealth+)))
You have tentacles for arms and can constrict up to eight enemies at once.


Message History

Press: ? - help, Shift-Dir - straight line, f - orc priest
Aim: an orc priest, wielding a +0 club (wandering, hasn't noticed you, 56% to hit)
You throw a poisoned dart.
The poisoned dart barely misses the orc priest.
The orc priest shouts!
The orc priest looks satisfied for a moment.
Throw: 9 darts (poison)
Press: ? - help, Shift-Dir - straight line, f/p - orc priest
Aim: an orc priest, wielding a +0 club (56% to hit)
You throw a poisoned dart. The poisoned dart hits the orc priest.
The orc priest is poisoned.
The orc priest calls down the wrath of Beogh upon you.
You barely resist.
Throw: 8 darts (poison)
Press: ? - help, Shift-Dir - straight line, f/p - orc priest
Aim: an orc priest, wielding a +0 club (moderately wounded, poisoned, 56% to hit)
You throw a poisoned dart.
The poisoned dart barely misses the orc priest.
The orc priest calls down the wrath of Beogh upon you.
Pain shoots through your body!
The orc priest invokes the aid of Beogh against you.
Beogh smites you!
You are too injured to fight recklessly!
Casting: Sandblast (safe; 3% risk of failure)
Confirm with . or Enter, or press ? or * to list all spells.
Aiming: Sandblast (safe; 3% risk of failure)
Press: ? - help, Shift-Dir - straight line, f/p - orc priest
Aim: an orc priest, wielding a +0 club (heavily wounded, 82% to hit)
The blast of sand misses the orc priest.
The orc priest hits you with a +0 club.
Casting: Sandblast (safe; 3% risk of failure)
Confirm with . or Enter, or press ? or * to list all spells.
Aiming: Sandblast (safe; 3% risk of failure)
Press: ? - help, Shift-Dir - straight line, f/p - orc priest
Aim: an orc priest, wielding a +0 club (heavily wounded, 82% to hit)
The blast of sand hits the orc priest.
The orc priest is almost dead.
The orc priest calls down the wrath of Beogh upon you.
Beogh smites you!
You die...

#.###o..... ...
#.######.......(.. ...
#......o#####..... #
### #######..# ...
..## ##.# . ...# #.#
#.. #.# #. ###.####
##. #..†o@.# ....
#......# ####
#.....)###############
#..........#<..#......
##########..........##
#...........#
#...........#
#..........[#
##.........##


You could see an orc priest.

Vanquished Creatures
  An orc priest (D:3)
  3 adders
  2 gnolls
  2 dart slugs (D:3)
  5 orcs
  10 endoplasms
  3 giant cockroaches (D:1)
  5 goblins
  3 hobgoblins
  4 jackals (D:1)
  3 quokkas
  7 ball pythons
  5 bats
  7 frilled lizards
  5 kobolds
  A rat (D:1)
66 creatures vanquished.

Notes
Turn   | Place    | Note
-------+----------+-------------------------------------------
     0 | D:1      | mandoloar the Octopode Earth Elementalist began the quest
                  | for the Orb.
     0 | D:1      | Reached XP level 1. HP: 11/11 MP: 3/3
   125 | D:1      | Reached XP level 2. HP: 18/18 MP: 0/5
   490 | D:1      | Reached skill level 3 in Stealth
   710 | D:1      | Reached XP level 3. HP: 22/22 MP: 2/6
  1454 | D:2      | Reached skill level 1 in Fighting
  2040 | D:2      | Reached skill level 1 in Unarmed Combat
  2040 | D:2      | Reached XP level 4. HP: 28/28 MP: 5/7
  2070 | D:2      | Learned a level 3 spell: Stone Arrow
  2073 | D:2      | Learned a level 2 spell: Passwall
  2530 | D:2      | Found a faded altar of an unknown god.
  2847 | D:2      | Identified the +2 robe of Mezcal {rF+}
  3181 | D:3      | Noticed Jessica
  3367 | D:3      | Reached skill level 4 in Stealth
  3367 | D:3      | Reached XP level 5. HP: 33/33 MP: 6/8
  3426 | D:3      | Killed from afar by an orc priest

Illustrated notes

Levels and vault maps discovered:
D:1:      lemuel_arrival_cross, layout_basic, st_stairs_8, minmay_vboxes
D:2:      wander_river, layout_basic, shapermc_ecumenical_altar_totnotflames
D:3:      minmay_evil_eye, layout_rooms, serial_shops, shop, uniq_jessica

Skill      XL: |  1  2  3  4 |
---------------+-------------+-----
Stealth        | 3 4 |  4.0
Fighting       | 1 |  1.3
Unarmed Combat | 1 |  1.5
Dodging        | |  2.8
Spellcasting   | |  2.5
Transmutations | |  1.9
Earth Magic    | |  3.5

Action                     |  1- 3 |  4- 6 || total
---------------------------+-------+-------++-------
  Melee: Unarmed           |     5 |       ||     5
         Constrict         |     1 |       ||     1
  Throw: Dart              |       |     5 ||     5
   Cast: Sandblast         |    44 |    40 ||    84
    Use: Scroll            |     6 |       ||     6
         Potion            |     1 |       ||     1
 Armour: Skin              |     2 |     1 ||     3
  Dodge: Dodged            |    23 |     3 ||    26

Table legend: (Time is in decaauts)
 A = Elapsed time spent in this place.
 B = Non-inter-level travel time spent in this place.
 C = Inter-level travel time spent in this place.
 D = Time resting spent in this place.
 E = Time spent auto-exploring this place.
 F = Levels seen in this place.
 G = Mean time per level.
                   A        B        C        D        E       F      G
               +--------+--------+--------+--------+--------+-----+--------+
         Total |   3470 |   3144 |    326 |    724 |   1908 |   3 | 1156.7 |
       Dungeon |   3470 |   3144 |    326 |    724 |   1908 |   3 | 1156.7 |
               +--------+--------+--------+--------+--------+-----+--------+

Top non-repeatable levels by time:
     D:1: 1452 daAuts
     D:2: 1420 daAuts
     D:3: 598 daAuts
